 Dungeon Crawl Stone Soup version 0.29.0-7-g18a832c13a (webtiles) character file.

Game seed: 12432349417913746563

688 nickcage the Spear-Bearer (level 7, -5/75 HPs)
             Began as a Merfolk Gladiator on Aug 30, 2022.
             Was an Initiate of Makhleb.
             Slain by Duvessa
             ... wielding a +0 short sword
              (8 damage)
             ... on level 5 of the Dungeon.
             The game lasted 00:10:22 (4930 turns).

nickcage the Spear-Bearer (Merfolk Gladiator)       Turns: 4930, Time: 00:10:23

Health: -5/75      AC: 17    Str: 17    XL:     7   Next: 63%
Magic:  7/7        EV:  8    Int:  7    God:    Makhleb [......]
Gold:   285        SH:  0    Dex: 15    Spells: 6/6 levels left

rFire   + . .      SeeInvis .   t - +1 glaive (protect)
rCold   . . .      Faith    .   (shield currently unavailable)
rNeg    . . .      Spirit   .   y - +1 chain mail
rPois   .          Reflect  .   c - +0 helmet
rElec   .          Harm     .   (no cloak)
rCorr   .          Rampage  .   (no gloves)
Will    +....                   (no boots)
Stlth   ..........              (no amulet)
HPRegen 0.22/turn               n - ring of willpower
MPRegen 0.10/turn               q - ring of protection from fire

@: berserking, under a protective aura, very quick
A: (nimble swimmer 2), mertail
a: Renounce Religion


You were on level 5 of the Dungeon.
You worshipped Makhleb.
Makhleb was noncommittal.
You visited 2 branches of the dungeon, and saw 6 of its levels.

You collected 285 gold pieces.

Inventory:

Hand Weapons
 a - a +0 trident
 t - a +1 glaive of protection (weapon)
Missiles
 d - 3 throwing nets
 e - a javelin
 p - 2 poisoned darts (quivered)
Armour
 b - a +0 leather armour
 c - a +0 helmet (worn)
 j - a +0 ring mail
 y - a +1 chain mail (worn)
Jewellery
 n - a ring of willpower (left hand)
 q - a ring of protection from fire (right hand)
 r - a ring of ice
Wands
 F - a wand of roots (7)
Scrolls
 f - 2 scrolls of blinking
 h - a scroll of enchant weapon
 l - a scroll of identify
 o - a scroll of magic mapping {unknown}
 w - 2 scrolls of teleportation
Potions
 g - a potion of brilliance {unknown}
 i - a potion of haste {unknown}
 k - a potion of cancellation {unknown}
 m - 9 potions of curing
 s - a potion of berserk rage
 z - a potion of might {unknown}
 A - 3 potions of heal wounds {unknown}
 D - a potion of ambrosia {unknown}
 E - 2 potions of lignification {unknown}


   Skills:
 - Level 2.1 Fighting
 + Level 11.3 Polearms
 - Level 2.0 Throwing
 - Level 4.0 Dodging


You had 6 spell levels left.
You didn't know any spells.
Your spell library contained the following spells:

 Spells                   Type           Power      Damage    Failure   Level
 Magic Dart               Conj           0%         1d3       100%        1
 Sandblast                Erth           0%         2d4       100%        1
 Call Imp                 Summ           0%         N/A       100%        2
 Passwall                 Tmut/Erth      0%         N/A       100%        2
 Mephitic Cloud           Conj/Pois/Air  0%         N/A       100%        3
 Stone Arrow              Conj/Erth      0%         3d7       100%        3


Dungeon Overview and Level Annotations

Branches:
Dungeon (5/15)             Temple (1/1) D:4

Altars:
Ashenzari
Elyvilon
Fedhas
Gozag
Hepliaklqana
Makhleb
Nemelex Xobeh
Okawaru
Qazlal
Ru
Trog
Uskayaw
Vehumet
Wu Jian
Yredelemnul
Zin

Annotations:
D:5 Duvessa


Innate Abilities, Weirdness & Mutations

((You are very nimble when in or above water. (Stealth+, EV+, Speed+++)))
Your lower body shifts to a powerful aquatic tail in water.


Message History

Dowan mumbles some strange words.
Dowan blinks!
You barely miss Duvessa.
Duvessa is lightly wounded.
You feel sick. Duvessa barely misses you.
You barely miss Duvessa.
Duvessa is lightly wounded.
You feel sick. Duvessa hits you with a +0 short sword.
You closely miss Dowan.
Dowan is almost dead.
You feel sick.
You are no longer poisoned.
Duvessa hits you with a +0 short sword. Dowan barely misses you.
You slash Dowan!
You kill Dowan!
Makhleb accepts your kill.
Duvessa screams in rage.
Duvessa goes berserk!
Duvessa hits you with a +0 short sword. Duvessa hits you but does no damage.
You closely miss Duvessa.
Duvessa is lightly wounded.
Duvessa hits you with a +0 short sword. x2
You slash Duvessa!
Duvessa is moderately wounded.
Duvessa barely misses you.
You hit Duvessa but do no damage.
Duvessa is moderately wounded.
Duvessa hits you with a +0 short sword! Duvessa hits you but does no damage.
You hit Duvessa but do no damage.
Duvessa is moderately wounded.
Duvessa hits you but does no damage. Duvessa hits you with a +0 short sword.
* * * LOW HITPOINT WARNING * * *
A red film seems to cover your vision as you go berserk!
You feel yourself moving faster!
You feel mighty! Duvessa closely misses you.
You closely miss Duvessa.
Duvessa is moderately wounded.
Duvessa hits you with a +0 short sword!
* * * LOW HITPOINT WARNING * * *
Duvessa hits you with a +0 short sword!
You die...

##### ###.####
#...#####...†...
#.#.........###.
#..........## #.
#..#####...# #.
###..# #...####.
#....#>...........
#)#.##.###...##...
#@#.# #...#....
#e#.# #......[.
#h..# ...###...
#.### ##<# #.#.
... .# # #( ... #.
... ... ..(.. #.#.
....


You could see Duvessa (berserk) and a hound.

Vanquished Creatures
  A black bear (D:5)
  An ogre (D:4)
  A phantom (D:4)
  A scorpion (D:5)
  Dowan (D:5)
  A howler monkey (D:4)
  An orc priest (D:4)
  A hound (D:4)
  An iguana (D:4)
  2 orc wizards
  9 adders
  2 worms
  A dart slug (D:1)
  2 orcs
  6 bats
  6 endoplasms
  5 giant cockroaches
  3 goblins
  6 hobgoblins
  4 jackals (D:3)
  5 kobolds
  A quokka (D:2)
  8 ball pythons
  8 frilled lizards
  10 rats
87 creatures vanquished.

Notes
Turn   | Place    | Note
-------+----------+-------------------------------------------
     0 | D:1      | nickcage the Merfolk Gladiator began the quest for the Orb.
     0 | D:1      | Reached XP level 1. HP: 16/16 MP: 1/1
   140 | D:1      | Reached XP level 2. HP: 22/22 MP: 2/2
   371 | D:1      | Reached skill level 5 in Polearms
   754 | D:1      | Reached XP level 3. HP: 27/27 MP: 3/3
   774 | D:1      | Found a faded altar of an unknown god.
  1427 | D:2      | Reached skill level 6 in Polearms
  1590 | D:2      | Reached XP level 4. HP: 33/33 MP: 4/4
  2744 | D:3      | Reached skill level 7 in Polearms
  3119 | D:3      | Reached XP level 5. HP: 38/38 MP: 5/5
  3460 | D:4      | Reached skill level 8 in Polearms
  3467 | D:4      | Reached XP level 6. HP: 27/44 MP: 6/6
  3631 | D:4      | Reached skill level 9 in Polearms
  4137 | D:4      | Reached skill level 10 in Polearms
  4137 | D:4      | Reached XP level 7. HP: 28/50 MP: 7/7
  4293 | D:4      | Found a staircase to the Ecumenical Temple.
  4486 | Temple   | Entered the Ecumenical Temple
  4615 | Temple   | Became a worshipper of Makhleb the Destroyer
  4758 | D:5      | Entered Level 5 of the Dungeon
  4825 | D:5      | Reached skill level 11 in Polearms
  4911 | D:5      | Noticed Dowan
  4912 | D:5      | Noticed Duvessa
  4924 | D:5      | Killed Dowan
  4930 | D:5      | HP: 3/75 [Duvessa/+0 short sword (14)]
  4930 | D:5      | Slain by Duvessa

Illustrated notes

Levels and vault maps discovered:
D:1:      dpeg_arrival_fog, layout_loops_corners, serial_forest,
          infiniplex_forest_lined_4_way, infiniplex_forest_lined_room_,
          infiniplex_forest_clump_double, infiniplex_forest_clump_curved,
          infiniplex_forest_lined_3, basic_ecumenical_altar
D:2:      layout_basic, minmay_misc_feat_rows, minmay_misc_feat_hallway,
          hangedman_decor_push, chequers_mini_garden, mrwooster_statue_mirror,
          kennysheep_path_1, minmay_misc_feat_tower
D:3:      layout_basic
D:4:      layout_basic, minmay_temple_entry_fiery,
          chequers_serial_rivers_room_a, kennysheep_orc_chapel
D:5:      layout_loops_ring, uniq_duvessa
Temple:   minmay_temple_bridge_d

Skill      XL: |  1  2  3  4  5  6  7 |
---------------+----------------------+-----
Polearms       | 5 6 7 8 10 11 | 11.3
Fighting       | |  2.1
Throwing       | |  2.0
Dodging        | |  4.0

Action                   |  1- 3 |  4- 6 |  7- 9 || total
-------------------------+-------+-------+-------++-------
Melee: Trident           |    74 |       |       ||    74
       Punch             |     1 |       |       ||     1
       Glaive            |    11 |   151 |    26 ||   188
Throw: Javelin           |       |     1 |     1 ||     2
       Dart              |       |       |     2 ||     2
  Use: Scroll            |       |    13 |       ||    13
       Potion            |       |       |     1 ||     1
Armor: Ring mail         |    15 |     3 |       ||    18
       Chain mail        |       |    75 |    17 ||    92
Dodge: Dodged            |    31 |    69 |     7 ||   107
